 Dungeon Crawl Stone Soup version 0.25.1-8-g42b30a86e7 (webtiles) character file.

Game seed: 5869405780106063251

19384 Clowwww the Cleaver (level 12, -10/93 HPs)
             Began as a Demonspawn Fighter on Dec 19, 2020.
             Was a Believer of Ashenzari.
             Mangled by Clowww109's ghost (18 damage)
             ... on level 11 of the Dungeon.
             The game lasted 00:36:08 (14603 turns).

Clowwww the Cleaver (Demonspawn Fighter)           Turns: 14603, Time: 00:36:08

Health: -10/93     AC: 24    Str: 20    XL:     12   Next: 36%
Magic:  12/12      EV: 16    Int: 11    God:    Ashenzari [**....]
Gold:   996        SH: 16    Dex: 13    Spells: 11/11 levels left

rFire    . . .     SeeInvis +   a - +0 war axe (freeze) (curse)
rCold    . . .     Gourm    .   c - +0 kite shield
rNeg     . . .     Faith    .   b - +1 scale mail
rPois    .         Spirit   .   (no helmet)
rElec    +         Reflect  +   (no cloak)
rCorr    .         Harm     .   l - +2 pair of gloves
MR       +....                  G - +2 pair of boots
Stlth    ..........             i - amulet of reflection
HPRegen  0.25/turn              n - ring of see invisible
MPRegen  0.13/turn              F - ring "Zeyp" {rElec MR+}

@: agile, sanguine armour, very slightly contaminated
A: claws 2, powered by pain 1, spiny 2, sanguine armour 2
a: Curse Item, Scrying, Renounce Religion


You were on level 11 of the Dungeon.
You worshipped Ashenzari.
Ashenzari was pleased with you.
You were not hungry.

You visited 2 branches of the dungeon, and saw 12 of its levels.
You also visited: Ossuary.

You collected 996 gold pieces.

Inventory:

Hand Weapons
 a - a cursed +0 war axe of freezing (weapon)
 m - a cursed +3 war axe of freezing
Missiles
 e - 4 silver boomerangs
 h - 4 boomerangs (quivered)
 v - 2 javelins
Armour
 b - a +1 scale mail (worn)
 c - a +0 kite shield (worn)
 l - a +2 pair of gloves (worn)
 G - a +2 pair of boots (worn)
Jewellery
 i - an amulet of reflection (around neck)
 j - an uncursed ring of positive energy
 n - a ring of see invisible (left hand)
 o - an uncursed ring of fire
 t - a +6 ring of strength
 x - an uncursed ring of protection from cold
 F - the ring "Zeyp" (right hand) {rElec MR+}
   (You took it off a deep elf mage on level 7 of the Dungeon)

   [ring of protection from magic]

   It insulates you from electricity.
   It affects your resistance to hostile enchantments.
 K - an uncursed ring of poison resistance
Wands
 s - a wand of digging (5)
 D - a wand of random effects (20)
 E - a wand of disintegration (9)
 H - a wand of enslavement (8)
 I - a wand of acid (2)
 M - a wand of clouds (9)
 N - a wand of paralysis (7)
Scrolls
 k - 8 scrolls of amnesia
 r - 4 scrolls of identify
 y - 2 scrolls of fog
 B - 2 scrolls of teleportation
Potions
 g - a potion of experience {unknown}
 p - 4 potions of cancellation
 u - a potion of resistance
 w - a potion of haste
 z - 5 potions of flight
 A - a potion of brilliance
 C - a potion of ambrosia
Comestibles
 f - 26 rations


   Skills:
 + Level 8.2 Fighting
 + Level 11.2(13.3) Axes
 + Level 5.7 Throwing
 + Level 8.1 Armour
 + Level 5.2 Dodging
 + Level 1.2 Stealth
 + Level 8.4 Shields
 + Level 1.2 Evocations


You had 11 spell levels left.
You didn't know any spells.
Your spell library contained the following spells:

 Spells                   Type           Power        Failure   Level  Hunger
 Shock                    Conj/Air       #...         91%         1    ##.....
 Swiftness                Chrm/Air       #.......     97%         2    ###....
 Static Discharge         Conj/Air       #.......     99%         3    ####...
 Teleport Other           Tloc           #.......     99%         3    ####...
 Airstrike                Air            #.........   100%        4    #####..
 Iskenderun's Mystic Bla  Conj/Tloc      #.......     100%        4    #####..
 Lightning Bolt           Conj/Air       #.........   100%        5    ######.
 Yara's Violent Unravell  Hex/Tmut       #.........   100%        5    ######.


Dungeon Overview and Level Annotations

Branches:
Dungeon (11/15)            Temple (1/1) D:5            Lair (0/6) D:10
    Orc (0/2) D:9         Ossuary (visited)

Altars:
Ashenzari
Cheibriados
Dithmenos
Elyvilon
Fedhas
Gozag
Hepliaklqana
Kikubaaqudgha
Makhleb
Nemelex Xobeh
Ru
Sif Muna
Trog
Uskayaw
Vehumet
Xom
Yredelemnul
Zin
The Shining One

Annotations:
D:11 Clowww109's ghost, journeyman HOFi


Innate Abilities, Weirdness & Mutations

You have very sharp fingernails.
You sometimes gain a little power by taking damage.
You are mostly covered in sharp spines.
When seriously injured, your bleeding wounds create thick armour. (AC +9)


Message History

* * * LOW HITPOINT WARNING * * *
You feel better. Clowww109's ghost closely misses you.
You feel better. You block Clowww109's ghost's attack.
Your shield prevents you from hitting Clowww109's ghost.
Clowww109's ghost is severely damaged.
You block Clowww109's ghost's attack.
You closely miss Clowww109's ghost.
Clowww109's ghost is severely damaged.
You block Clowww109's ghost's attack.
You completely miss Clowww109's ghost.
Clowww109's ghost is severely damaged.
Clowww109's ghost hits you!
* * * LOW HITPOINT WARNING * * *
You barely miss Clowww109's ghost.
Clowww109's ghost is severely damaged.
Clowww109's ghost hits you but does no damage.
You hit Clowww109's ghost but do no damage.
Clowww109's ghost is severely damaged.
Clowww109's ghost hits you!!
You die...

......#..........#.............#+
......#..#######.#.......#####...
......#..'.....#.#.[.....#...#...
......#..#.....#.####....#...#...
#######..#.....#....#....#...#'#.
.........#.....#....#....#.....#.
.........#.....#....'....#.....#.
..>......#.....#....#....##....#.
.........#######@...#.....#...[#.
#...............W..##.....#....#.
#...............§..#.....##....#.
#..............○.§.#.....#.....#.
#..............§§§.#.....#.#####.
..............§§§☼§# ....#.#.....
...................# ....###.....
.......#########...#,............
......?#.......#...###...........


You could see Clowww109's ghost.

Vanquished Creatures
  The ghost of feorh the Protected, a journeyman MiGl of Okawaru (D:11)
  The ghost of OneTabMan the Covert, a journeyman FoWn (D:11)
  7 two-headed ogres
  The ghost of Fyzxeto the Geomancer, a journeyman GrEE of Qazlal (D:11)
  An unseen horror (D:10)
  A deep elf mage (D:7)
  An ugly thing (D:6)
  The ghost of KamiKatze the Magician, a novice SpCj (D:7)
  2 cyclopes
  Psyche (D:8)
  Joseph (D:8)
  A gargoyle (D:7)
  A tengu conjurer (D:10)
  A troll (D:9)
  A hornet (D:11)
  2 hippogriffs
  15 yaks
  A hungry ghost (D:8)
  A soldier ant (D:7)
  5 porcupines (D:10)
  3 black bears
  2 orc warriors
  4 sky beasts
  2 ice beasts
  A necrophage (D:10)
  An eye of draining (D:7)
  A phantom (D:6)
  3 ogres
  A hornet zombie (D:10)
  3 centaurs
  2 crocodiles
  A big kobold (D:9)
  12 bullfrogs
  A wyvern zombie (D:7)
  A water moccasin skeleton (D:9)
  5 scorpions
  A hornet simulacrum (D:7)
  6 killer bees (D:7)
  5 wights
  4 howler monkeys
  A centaur zombie (D:6)
  6 crimson imps
  2 quasits
  4 hounds
  5 orc priests
  4 centaur skeletons
  A jelly (D:7)
  2 bullfrog skeletons
  6 orc wizards
  3 iguanas (D:8)
  11 worker ants
  A killer bee zombie (D:8)
  A big kobold zombie (Ossuary)
  A bullfrog simulacrum (D:7)
  2 human simulacra (D:11)
  A hound skeleton (D:7)
  8 mummies (Ossuary)
  A howler monkey zombie (D:6)
  22 adders
  3 gnolls (D:6)
  5 shadow imps
  An adder skeleton (D:7)
  3 worms
  3 dart slugs
  An adder simulacrum (D:7)
  3 leopard geckos
  37 orcs
  2 bats
  4 giant cockroaches
  2 gnoll zombies (Ossuary)
  4 goblins
  2 hobgoblins
  11 jackals
  5 quokkas
  3 ball pythons
  3 frilled lizards
  A jackal skeleton (D:5)
  12 kobolds
  2 kobold zombies (Ossuary)
  A leopard gecko zombie (D:8)
  3 orc zombies (Ossuary)
  A quokka zombie (D:7)
  10 rats
309 creatures vanquished.

Vanquished Creatures (others)
  A spectral hound (D:7)
  15 fungi (D:10)
  3 plants (D:10)
19 creatures vanquished.

Grand Total: 328 creatures vanquished

Notes
Turn   | Place    | Note
-------+----------+-------------------------------------------
     0 | D:1      | Clowwww the Demonspawn Fighter began the quest for the Orb.
     0 | D:1      | Reached XP level 1. HP: 18/18 MP: 1/1
    69 | D:1      | Gained mutation: You sometimes gain a little power by
                  | taking damage. [demonic ancestry]
    69 | D:1      | Reached XP level 2. HP: 24/24 MP: 2/2
   516 | D:1      | Reached skill level 2 in Axes
   842 | D:2      | Gained mutation: You have sharp fingernails. [demonic
                  | ancestry]
   842 | D:2      | Reached XP level 3. HP: 5/29 MP: 3/3
   855 | D:2      | HP: 1/29 [poisoned by an adder]
  1808 | D:2      | Gained mutation: You have very sharp fingernails. [demonic
                  | ancestry]
  1808 | D:2      | Reached XP level 4. HP: 17/35 MP: 4/4
  2537 | D:3      | Reached skill level 1 in Dodging
  2872 | D:4      | Reached skill level 3 in Axes
  2872 | D:4      | Reached XP level 5. HP: 19/42 MP: 5/5
  3386 | D:4      | Gained mutation: You are partially covered in sharp spines.
                  | [demonic ancestry]
  3386 | D:4      | Reached XP level 6. HP: 19/48 MP: 6/6
  3885 | D:4      | Reached skill level 4 in Axes
  4346 | D:5      | Entered Level 5 of the Dungeon
  4413 | D:5      | Reached XP level 7. HP: 54/54 MP: 7/7
  4493 | D:5      | Reached skill level 1 in Throwing
  4736 | D:5      | Found a staircase to the Ecumenical Temple.
  4781 | Temple   | Entered the Ecumenical Temple
  4792 | Temple   | Became a worshipper of Ashenzari the Shackled
  5245 | D:5      | Found a glowing silver altar of Zin.
  5690 | D:6      | Reached skill level 5 in Axes
  5702 | D:6      | Gained mutation: You are mostly covered in sharp spines.
                  | [demonic ancestry]
  5702 | D:6      | Reached XP level 8. HP: 61/61 MP: 8/8
  5810 | D:6      | Found a burning altar of Makhleb.
  5811 | D:6      | Reached * piety under Ashenzari
  5812 | D:6      | Found a shadowy altar of Dithmenos.
  5971 | D:6      | Found a glowing golden altar of the Shining One.
  6635 | D:7      | Found a sand-covered staircase.
  6650 | D:7      | Reached skill level 6 in Axes
  6661 | D:7      | Noticed a hippogriff
  6662 | D:7      | Noticed a brown ugly thing
  6671 | Ossuary  | Entered an ossuary
  6965 | Ossuary  | Reached skill level 5 in Shields
  7347 | D:7      | Killed a hippogriff
  7347 | D:7      | Reached skill level 5 in Fighting
  7353 | D:7      | HP: 3/62 [acid (7)]
  7354 | D:7      | Noticed a hippogriff
  7650 | D:7      | Reached skill level 5 in Armour
  7657 | D:6      | Killed a hippogriff
  7657 | D:6      | Reached XP level 9. HP: 21/68 MP: 9/9
  7661 | D:6      | Killed a brown ugly thing
  7904 | D:7      | Reached skill level 7 in Axes
  8074 | D:7      | Noticed a cyclops
  8093 | D:7      | Killed a cyclops
  8112 | D:7      | Noticed a two-headed ogre
  8120 | D:7      | Killed a two-headed ogre
  8120 | D:7      | Reached skill level 1 in Evocations
  8120 | D:7      | Gained mutation: When seriously injured, your bleeding
                  | wounds create armour. (AC +9) [demonic ancestry]
  8120 | D:7      | Reached XP level 10. HP: 14/76 MP: 10/10
  8227 | D:7      | Reached skill level 8 in Axes
  8251 | D:7      | HP: 3/76 [soldier ant (8)]
  8267 | D:7      | Identified the ring "Zeyp" {rElec MR+}
  8267 | D:7      | Noticed a deep elf mage
  8285 | D:7      | Noticed a gargoyle
  8390 | D:7      | Killed a deep elf mage
  8760 | D:7      | Identified the Collected Works on Quantum Shape Shifting
  8951 | D:7      | Found a runed translucent gate.
  8951 | D:7      | Found a runed translucent gate.
  8951 | D:7      | Found a runed translucent gate.
  8952 | D:7      | Noticed KamiKatze's ghost (novice SpCj)
  8968 | D:7      | Killed KamiKatze's ghost
  9222 | D:7      | Killed a gargoyle
  9697 | D:8      | Reached skill level 9 in Axes
  9818 | D:8      | Noticed Joseph
  9834 | D:8      | Killed Joseph
  9990 | D:8      | Noticed a two-headed ogre
  9997 | D:8      | Killed a two-headed ogre
 10272 | D:8      | Gained mutation: When seriously injured, your bleeding
                  | wounds create thick armour. (AC +9) [demonic ancestry]
 10272 | D:8      | Reached XP level 11. HP: 84/84 MP: 11/11
 10281 | D:8      | Noticed Psyche
 10298 | D:8      | Killed Psyche
 10482 | D:8      | Reached ** piety under Ashenzari
 10554 | D:8      | Found an ancient bone altar of Kikubaaqudgha.
 11000 | D:9      | Noticed a two-headed ogre
 11013 | D:9      | Killed a two-headed ogre
 11013 | D:9      | Reached skill level 1 in Stealth
 11527 | D:9      | Noticed a two-headed ogre
 11538 | D:9      | Killed a two-headed ogre
 11543 | D:9      | Reached skill level 10 in Axes
 11776 | D:9      | Identified the +5 dagger "Edouxan" {venom, rC+ rN+ Dex-3
                  | SInv}
 11881 | D:9      | Found a staircase to the Orcish Mines.
 11902 | D:9      | Found a hide-covered altar of Uskayaw.
 12061 | D:10     | Entered Level 10 of the Dungeon
 12117 | D:10     | Noticed a two-headed ogre
 12120 | D:10     | Noticed a two-headed ogre
 12129 | D:10     | Killed a two-headed ogre
 12136 | D:10     | Killed a two-headed ogre
 12445 | D:10     | Reached skill level 5 in Throwing
 12540 | D:10     | Noticed an unseen horror
 12593 | D:10     | Killed an unseen horror
 12632 | D:10     | Found a staircase to the Lair.
 12835 | D:10     | Noticed a two-headed ogre
 12842 | D:10     | Killed a two-headed ogre
 13376 | D:11     | Reached skill level 5 in Dodging
 13387 | D:11     | Reached XP level 12. HP: 81/91 MP: 12/12
 13570 | D:11     | Paralysed by a hornet for 1 turns
 14219 | D:11     | Found a shimmering altar of Xom.
 14520 | D:11     | Found a runed translucent gate.
 14520 | D:11     | Found a runed translucent gate.
 14520 | D:11     | Noticed feorh's ghost (journeyman MiGl)
 14520 | D:11     | Noticed Fyzxeto's ghost (journeyman GrEE)
 14521 | D:11     | Found a runed translucent gate.
 14521 | D:11     | Noticed Clowww109's ghost (journeyman HOFi)
 14521 | D:11     | Noticed OneTabMan's ghost (journeyman FoWn)
 14522 | D:11     | Found the +3 giant club "Skullcrusher" {speed, Str+7}
 14542 | D:11     | Killed OneTabMan's ghost
 14542 | D:11     | Reached skill level 11 in Axes
 14568 | D:11     | Killed feorh's ghost
 14568 | D:11     | HP: 4/92 [Clowww109's ghost (8)]
 14590 | D:11     | Killed Fyzxeto's ghost
 14595 | D:11     | HP: 4/93 [Clowww109's ghost (4)]
 14603 | D:11     | Mangled by Clowww109's ghost

Illustrated notes

Levels and vault maps discovered:
D:1:      scummos_arrival_checkerplants, layout_basic, grunt_decor_mini_mirrors,
          nrook_uturn, serial_bayou_pond_e
D:2:      layout_basic, first_ration
D:3:      layout_loops_cross, st_stairs_5
D:4:      layout_loops_ring, dk_rats_in_the_wall
D:5:      layout_cave_pods, marbit_many_paths, minmay_temple_entry_stoned_glass
D:6:      layout_gridville, nicolae_tso_swordbearing_angel,
          chequers_temple_overflow_statue_of_worship
D:7:      minmay_the_grid_octo_tiled_octocenter [minmay_the_grid_octo_teeth,
          minmay_the_grid_octo_77, minmay_the_grid_octo_clover_2,
          minmay_the_grid_octo_pinwheel, minmay_the_grid_octo_prize_big_c,
          minmay_the_grid_square_5x5_fat_x, minmay_the_grid_square_5x5_corner,
          minmay_the_grid_square_5x5_bracketed,
          minmay_the_grid_square_5x5_bridge], layout_basic,
          gammafunk_ghost_necromancy, nicolae_ossuary_entry_ruins,
          minmay_misc_feat_tiny
D:8:      layout_loops_corners, kiku_gazebo_pond_becter, uniq_psyche,
          uniq_joseph
D:9:      layout_basic, kennysheep_mini_moat, orc_0_dummy
D:10:     layout_basic, due_lair_maze_entry_diamond, grunt_tengu_nest
D:11:     layout_irregular_city, gammafunk_ghost_cemetery, basic_altar,
          bh_circular_ruins
Temple:   nicolae_temple_x_marks_the_god

Skill      XL: |  1  2  3  4  5  6  7  8  9 10 11 12 |
---------------+-------------------------------------+-----
Axes           | 2 3 4 5 6 7 9 10 11 | 11.2
Shields        | 3 4 5 6 7 8 |  8.4
Armour         | 3 4 5 6 7 8 |  8.1
Dodging        | 1 2 3 4 5 |  5.2
Fighting       | 4 5 7 8 |  8.2
Throwing       | 2 4 5 |  5.7
Evocations     | 1 |  1.2
Stealth        | 1 |  1.2

Action                   |  1- 3 |  4- 6 |  7- 9 | 10-12 || total
-------------------------+-------+-------+-------+-------++-------
Melee: War axe           |   108 |   175 |   276 |   536 ||  1095
Throw: Boomerang         |       |    25 |    40 |   141 ||   206
Invok: Curse Item        |       |       |     1 |       ||     1
Evoke: Wand              |       |       |     9 |    11 ||    20
  Use: Potion            |     1 |       |     3 |    10 ||    14
       Scroll            |       |     9 |    11 |    10 ||    30
  Eat: Chunk             |     3 |     8 |     9 |    19 ||    39
       Ration            |       |       |     1 |     1 ||     2
Armor: Scale mail        |    51 |    67 |    79 |   150 ||   347
       Skin              |       |       |    22 |       ||    22
Dodge: Dodged            |    39 |    38 |    86 |   119 ||   282
Block: Kite shield       |    56 |   106 |   255 |   422 ||   839
       Reflection        |       |       |     4 |    13 ||    17
